[ AOE2 MATCH · #478586403 ]
UnrankedHindustanis vs Britons
[ REPLAY ANALYSIS · EXTRACTED FROM THE RECORDED GAME ]
Feudal
8:42
Castle
22:21
Imperial
—
| APM avg | 26.5 |
| APM peak | 61 |
| eAPM avg | 11.8 |
| Villagers / military | 48 / 14 |
Focus
⚔️ 16.0% · 🌾 84.0%
Scout Cavalry ×9 · Camel Scout ×5
Feudal
8:03
Castle
18:50
Imperial
—
| APM avg | 50.0 |
| APM peak | 98 |
| eAPM avg | 19.2 |
| Villagers / military | 55 / 30 |
Focus
⚔️ 43.9% · 🌾 56.1%
Cavalry Archer ×24 · Scout Cavalry ×6
Feudal
10:57
Castle
14:31
Imperial
—
| APM avg | 56.8 |
| APM peak | 98 |
| eAPM avg | 17.4 |
| Villagers / military | 67 / 5 |
Focus
⚔️ 13.9% · 🌾 86.1%
Spearman ×5
Feudal
10:35
Castle
14:09
Imperial
—
| APM avg | 31.6 |
| APM peak | 66 |
| eAPM avg | 20.0 |
| Villagers / military | 123 / 1 |
Focus
⚔️ 21.3% · 🌾 78.7%
Monk ×1
Feudal
10:43
Castle
14:50
Imperial
—
| APM avg | 29.2 |
| APM peak | 72 |
| eAPM avg | 13.5 |
| Villagers / military | 117 / 0 |
Focus
⚔️ 7.2% · 🌾 92.8%
Feudal
9:17
Castle
19:07
Imperial
—
| APM avg | 42.9 |
| APM peak | 84 |
| eAPM avg | 14.8 |
| Villagers / military | 44 / 13 |
Focus
⚔️ 33.9% · 🌾 66.1%
Janissary ×11 · Petard ×2
Feudal
12:23
Castle
17:13
Imperial
—
| APM avg | 31.5 |
| APM peak | 60 |
| eAPM avg | 14.2 |
| Villagers / military | 80 / 11 |
Focus
⚔️ 10.0% · 🌾 90.0%
Spearman ×11
Feudal
11:39
Castle
17:59
Imperial
—
| APM avg | 37.1 |
| APM peak | 76 |
| eAPM avg | 14.2 |
| Villagers / military | 38 / 8 |
Focus
⚔️ 31.6% · 🌾 68.4%
Spearman ×6 · Mangonel ×1 · Scorpion ×1
Match map
Initial resources + every placement click. Lines = walls · curves = elevation contours. ◆ gold · ⬟ stone · ● berries · ✦ relic · ◌ wall gap
Your base· ✓ Closed at 22:21 · 0t walls · no gate
vladtepes's base· ✓ Closed at 18:50 · 1t walls · no gate
Cpt. Balu's base· ✓ Closed at 14:31 · 1t walls · no gate
JARV's base· ✓ Closed at 14:09 · 0t walls · no gate
Sanktmartin's base· ✓ Closed at 14:50 · 17t walls · no gate
DoubleZX's base· ✓ Closed at 19:07 · 30t walls · 2 gate(s)
Silentium's base· ✓ Closed at 17:13 · 0t walls · no gate
Divayd's base· ✓ Closed at 17:59 · 74t walls · 1 gate(s)
Smoothed initial terrain · ◌ = detected wall gap · hover for details
Inputs per minute
— Rabe3000 - - vladtepes
Build order — Rabe3000
107 actions detected in the replay
| 0:01 | Create | Villager (Male) |
| 0:02 | Create | Villager (Male) |
| 0:03 | Build | House |
| 0:04 | Build | House |
| 0:11 | Create | Villager (Male) |
| 0:39 | Create | Villager (Male) |
| 1:05 | Create | Villager (Male) |
| 1:58 | Create | Villager (Male) |
| 2:10 | Build | Lumber Camp |
| 2:31 | Create | Villager (Male) |
| 2:46 | Create | Villager (Male) |
| 2:52 | Build | House |
| 2:54 | Create | Villager (Male) |
| 3:12 | Create | Villager (Male) |
| 3:35 | Create | Villager (Male) |
| 3:40 | Create | Villager (Male) |
| 4:36 | Build | Mill |
| 4:49 | Create | Villager (Male) |
| 5:01 | Create | Villager (Male) |
| 5:25 | Create | Villager (Male) |
| 6:32 | Research | Feudal Age |
| 6:45 | Build | House |
| 7:02 | Create | Villager (Male) |
| 7:33 | Build | Barracks |
| 7:46 | Create | Villager (Male) |
| 8:42 | Age | Feudal Age |
| 8:51 | Build | Stable |
| 9:03 | Create | Villager (Male) |
| 9:13 | Create | Villager (Male) |
| 9:27 | Create | Villager (Male) |
| 9:32 | Create | Scout Cavalry ×3 |
| 9:55 | Create | Villager (Male) |
| 9:59 | Create | Villager (Male) |
| 10:20 | Create | Scout Cavalry |
| 10:26 | Create | Villager (Male) |
| 10:30 | Build | House |
| 10:34 | Research | Bloodlines |
| 10:54 | Create | Scout Cavalry |
| 10:56 | Create | Villager (Male) |
| 11:06 | Build | Farm |
| 11:07 | Build | Farm |
| 11:08 | Build | Farm |
| 11:14 | Create | Villager (Male) |
| 11:52 | Create | Scout Cavalry |
| 12:20 | Create | Scout Cavalry |
| 12:22 | Create | Villager (Male) |
| 12:25 | Build | House |
| 12:30 | Build | House |
| 12:36 | Research | Double-Bit Axe |
| 13:30 | Create | Scout Cavalry |
| 13:32 | Create | Villager (Male) |
| 13:36 | Build | Lumber Camp |
| 13:38 | Build | Farm |
| 13:39 | Build | Farm |
| 13:54 | Create | Scout Cavalry |
| 13:56 | Create | Villager (Male) |
| 14:01 | Build | Farm |
| 14:25 | Build | House |
| 14:50 | Create | Villager (Male) |
| 14:53 | Build | Farm |
| 14:55 | Build | Farm |
| 14:57 | Build | Farm |
| 14:58 | Build | Farm |
| 15:00 | Build | Farm |
| 15:51 | Create | Villager (Male) |
| 15:58 | Build | Blacksmith |
| 16:00 | Create | Villager (Male) |
| 17:11 | Create | Villager (Male) |
| 17:16 | Build | Farm |
| 17:17 | Create | Villager (Male) |
| 17:22 | Build | Mining Camp |
| 17:42 | Create | Villager (Male) |
| 17:52 | Create | Villager (Male) |
| 18:10 | Create | Villager (Male) |
| 18:19 | Build | Market |
| 18:26 | Build | Farm |
| 18:27 | Build | Farm |
| 18:28 | Build | Farm |
| 18:31 | Create | Villager (Male) |
| 18:39 | Create | Villager (Male) |
| 18:46 | Build | House |
| 19:30 | Research | Castle Age |
| 19:44 | Build | House |
| 19:49 | Build | Lumber Camp |
| 19:54 | Create | Villager (Male) |
| 20:20 | Build | House |
| 20:27 | Build | Farm |
| 20:28 | Build | Farm |
| 20:33 | Research | Horse Collar |
| 20:49 | Create | Villager (Male) |
| 20:58 | Build | Farm |
| 21:10 | Create | Villager (Male) |
| 21:11 | Create | Villager (Male) |
| 21:26 | Build | Farm |
| 21:30 | Build | Farm |
| 22:21 | Age | Castle Age |
| 22:27 | Build | Town Center |
| 22:32 | Create | Villager (Male) |
| 22:52 | Build | Town Center |
| 23:14 | Create | Villager (Male) |
| 23:15 | Create | Villager (Male) |
| 23:24 | Build | House |
| 23:28 | Create | Camel Scout ×5 |
| 23:35 | Create | Villager (Male) |
| 23:35 | Create | Villager (Male) |
| 23:36 | Create | Villager (Male) |
| 23:58 | Research | Bow Saw |
Build order — vladtepes
146 actions detected in the replay
| 0:00 | Create | Villager (Male) ×4 |
| 0:00 | Create | Villager (Male) ×4 |
| 0:02 | Build | House |
| 0:03 | Build | House |
| 1:36 | Create | Villager (Male) |
| 1:37 | Create | Villager (Male) |
| 1:59 | Create | Villager (Male) |
| 2:01 | Create | Villager (Male) |
| 2:17 | Build | Lumber Camp |
| 2:25 | Create | Villager (Male) |
| 2:25 | Create | Villager (Male) |
| 3:17 | Create | Villager (Male) |
| 3:39 | Create | Villager (Male) |
| 3:41 | Create | Villager (Male) |
| 3:53 | Create | Villager (Male) |
| 4:08 | Build | House |
| 4:10 | Create | Villager (Male) |
| 5:01 | Build | Mill |
| 5:14 | Create | Villager (Male) |
| 5:20 | Create | Villager (Male) |
| 5:53 | Research | Feudal Age |
| 5:54 | Research | Feudal Age |
| 6:53 | Build | House |
| 7:01 | Build | House |
| 7:08 | Build | Palisade Wall |
| 7:21 | Build | Barracks |
| 8:03 | Age | Feudal Age |
| 8:05 | Create | Villager (Male) |
| 8:16 | Build | Stable |
| 8:26 | Create | Villager (Male) |
| 8:28 | Create | Villager (Male) |
| 9:04 | Create | Villager (Male) |
| 9:16 | Build | House |
| 9:17 | Create | Scout Cavalry |
| 9:18 | Create | Scout Cavalry |
| 9:19 | Research | Double-Bit Axe |
| 9:20 | Create | Villager (Male) |
| 10:00 | Create | Villager (Male) |
| 10:02 | Research | Horse Collar |
| 10:02 | Research | Horse Collar |
| 10:11 | Create | Villager (Male) |
| 10:17 | Build | Farm |
| 10:17 | Build | Farm |
| 10:18 | Build | Farm |
| 10:18 | Build | Farm |
| 10:22 | Create | Scout Cavalry |
| 10:43 | Create | Scout Cavalry |
| 10:48 | Build | Farm |
| 10:54 | Build | Farm |
| 10:58 | Create | Villager (Male) |
| 11:13 | Create | Villager (Male) |
| 11:17 | Create | Scout Cavalry |
| 11:23 | Build | House |
| 11:27 | Build | Farm |
| 11:27 | Build | Farm |
| 11:27 | Build | Farm |
| 11:27 | Build | Farm |
| 11:28 | Build | Farm |
| 11:37 | Create | Villager (Male) |
| 12:10 | Create | Villager (Male) |
| 12:11 | Create | Scout Cavalry |
| 12:12 | Create | Villager (Male) |
| 12:21 | Build | Farm |
| 12:24 | Build | Farm |
| 12:56 | Create | Villager (Male) |
| 12:58 | Build | Farm |
| 12:58 | Build | Farm |
| 12:59 | Create | Villager (Male) |
| 13:06 | Build | Farm |
| 13:06 | Create | Villager (Male) |
| 13:41 | Create | Villager (Male) |
| 14:04 | Build | Market |
| 14:10 | Build | Farm |
| 14:26 | Build | Mining Camp |
| 14:42 | Create | Villager (Male) |
| 14:44 | Create | Villager (Male) |
| 14:58 | Build | House |
| 15:05 | Create | Villager (Male) |
| 15:07 | Build | Farm |
| 15:37 | Create | Villager (Male) |
| 16:10 | Research | Castle Age |
| 16:10 | Research | Castle Age |
| 16:22 | Research | Gold Mining |
| 16:23 | Research | Gold Mining |
| 16:30 | Build | Blacksmith |
| 17:06 | Research | Bloodlines |
| 17:06 | Research | Bloodlines |
| 17:42 | Build | Archery Range |
| 17:50 | Research | Wheelbarrow |
| 17:50 | Research | Wheelbarrow |
| 17:55 | Research | Loom |
| 17:55 | Research | Wheelbarrow |
| 18:37 | Build | Archery Range |
| 18:47 | Research | Fletching |
| 18:47 | Research | Fletching |
| 18:50 | Age | Castle Age |
| 18:54 | Create | Villager (Male) |
| 18:57 | Research | Bow Saw |
| 18:57 | Research | Bow Saw |
| 19:09 | Create | Villager (Male) |
| 19:20 | Create | Cavalry Archer |
| 19:21 | Research | Bodkin Arrow |
| 19:21 | Research | Bodkin Arrow |
| 19:25 | Build | House |
| 19:26 | Build | House |
| 19:29 | Create | Cavalry Archer |
| 19:30 | Create | Cavalry Archer |
| 19:45 | Create | Villager (Male) |
| 19:56 | Research | Husbandry |
| 19:56 | Research | Husbandry |
| 19:58 | Create | Cavalry Archer ×2 |
| 19:59 | Create | Villager (Male) |
| 20:41 | Create | Cavalry Archer |
| 20:41 | Create | Cavalry Archer |
| 20:41 | Create | Villager (Male) |
| 20:49 | Build | House |
| 20:59 | Research | Heavy Plow |
| 21:07 | Create | Cavalry Archer |
| 21:07 | Create | Cavalry Archer |
| 21:08 | Create | Villager (Male) |
| 21:15 | Create | Villager (Male) |
| 21:29 | Create | Cavalry Archer ×2 |
| 21:30 | Create | Cavalry Archer ×2 |
| 21:31 | Create | Villager (Male) |
| 21:32 | Build | House |
| 21:51 | Create | Cavalry Archer |
| 21:51 | Create | Cavalry Archer |
| 21:52 | Create | Villager (Male) |
| 22:01 | Build | Farm |
| 22:07 | Build | House |
| 22:11 | Create | Cavalry Archer |
| 22:11 | Create | Cavalry Archer |
| 22:12 | Create | Villager (Male) |
| 22:33 | Research | Padded Archer Armor |
| 22:33 | Research | Padded Archer Armor |
| 22:39 | Create | Cavalry Archer |
| 22:39 | Create | Cavalry Archer |
| 23:02 | Create | Cavalry Archer |
| 23:02 | Create | Cavalry Archer |
| 23:03 | Create | Villager (Male) |
| 23:28 | Create | Cavalry Archer |
| 23:28 | Create | Villager (Male) |
| 23:42 | Create | Cavalry Archer |
| 23:42 | Create | Villager (Male) |
| 23:52 | Create | Villager (Male) |
| 23:53 | Create | Cavalry Archer |
Build order — Cpt. Balu
121 actions detected in the replay
| 0:02 | Create | Villager (Male) |
| 0:02 | Create | Villager (Male) |
| 0:02 | Create | Villager (Male) |
| 0:02 | Create | Villager (Male) |
| 0:03 | Build | House |
| 0:04 | Build | House |
| 1:27 | Create | Villager (Male) |
| 1:28 | Create | Villager (Male) |
| 2:03 | Create | Villager (Male) |
| 2:03 | Create | Villager (Male) |
| 2:03 | Create | Villager (Male) |
| 2:11 | Build | Lumber Camp |
| 2:32 | Create | Villager (Male) |
| 2:33 | Create | Villager (Male) |
| 3:04 | Create | Villager (Male) |
| 3:04 | Create | Villager (Male) |
| 3:17 | Create | Villager (Male) |
| 3:18 | Create | Villager (Male) |
| 3:24 | Build | House |
| 3:54 | Create | Villager (Male) |
| 3:54 | Create | Villager (Male) |
| 4:26 | Create | Villager (Male) |
| 4:26 | Create | Villager (Male) |
| 4:26 | Create | Villager (Male) |
| 4:59 | Create | Villager (Male) |
| 5:00 | Create | Villager (Male) |
| 5:29 | Create | Villager (Male) |
| 5:29 | Create | Villager (Male) |
| 5:31 | Build | House |
| 5:48 | Build | Mill |
| 5:52 | Build | Mill |
| 6:35 | Create | Villager (Male) |
| 6:35 | Create | Villager (Male) |
| 6:35 | Create | Villager (Male) |
| 6:36 | Create | Villager (Male) |
| 6:36 | Create | Villager (Male) |
| 8:04 | Build | Mining Camp |
| 8:43 | Research | Feudal Age |
| 9:19 | Create | Villager (Male) |
| 9:20 | Create | Villager (Male) |
| 10:29 | Build | House |
| 10:57 | Age | Feudal Age |
| 11:04 | Build | Blacksmith |
| 11:06 | Build | Market |
| 11:41 | Build | Barracks |
| 11:51 | Research | Castle Age |
| 11:51 | Research | Castle Age |
| 12:28 | Build | House |
| 12:32 | Create | Spearman |
| 12:59 | Create | Spearman |
| 13:20 | Build | Palisade Wall |
| 13:27 | Create | Spearman |
| 13:27 | Create | Spearman |
| 13:42 | Create | Spearman |
| 14:09 | Research | Double-Bit Axe |
| 14:10 | Research | Horse Collar |
| 14:31 | Age | Castle Age |
| 14:49 | Build | House |
| 14:52 | Build | Palisade Wall |
| 15:04 | Build | Town Center |
| 15:38 | Research | Loom |
| 16:02 | Build | House |
| 16:08 | Build | Farm |
| 16:09 | Build | Farm |
| 16:10 | Build | Farm |
| 16:12 | Build | Farm |
| 16:45 | Build | Farm |
| 16:52 | Create | Villager (Male) |
| 16:52 | Create | Villager (Male) |
| 17:30 | Build | Farm |
| 17:31 | Build | Farm |
| 17:37 | Create | Villager (Male) |
| 17:38 | Create | Villager (Male) |
| 18:02 | Create | Villager (Male) |
| 18:02 | Create | Villager (Male) |
| 18:06 | Build | Farm |
| 18:08 | Build | Farm |
| 18:12 | Build | Farm |
| 18:54 | Create | Villager (Male) |
| 18:54 | Create | Villager (Male) |
| 18:54 | Create | Villager (Male) |
| 19:20 | Create | Villager (Male) |
| 19:21 | Create | Villager (Male) |
| 19:47 | Build | Town Center |
| 20:01 | Create | Villager (Male) |
| 20:01 | Create | Villager (Male) |
| 20:02 | Create | Villager (Male) |
| 20:02 | Create | Villager (Male) |
| 20:02 | Create | Villager (Male) |
| 20:25 | Build | Mining Camp |
| 20:58 | Create | Villager (Male) |
| 20:59 | Create | Villager (Male) |
| 20:59 | Create | Villager (Male) |
| 20:59 | Create | Villager (Male) |
| 21:12 | Create | Villager (Male) |
| 21:20 | Build | Town Center |
| 21:29 | Build | Farm |
| 21:41 | Build | Farm |
| 21:44 | Build | House |
| 21:56 | Create | Villager (Male) |
| 21:56 | Create | Villager (Male) |
| 21:57 | Create | Villager (Male) |
| 21:57 | Create | Villager (Male) |
| 22:03 | Build | Mining Camp |
| 22:10 | Create | Villager (Male) |
| 22:10 | Create | Villager (Male) |
| 22:15 | Build | Farm |
| 22:44 | Build | Farm |
| 22:46 | Create | Villager (Male) |
| 22:46 | Create | Villager (Male) |
| 22:46 | Create | Villager (Male) |
| 22:49 | Build | Farm |
| 22:51 | Build | Farm |
| 23:05 | Create | Villager (Male) |
| 23:05 | Create | Villager (Male) |
| 23:06 | Create | Villager (Male) |
| 23:27 | Build | Farm |
| 23:31 | Create | Villager (Male) |
| 23:32 | Create | Villager (Male) |
| 23:32 | Create | Villager (Male) |
| 23:35 | Build | Farm |
Build order — JARV
First 150 of 200 actions detected
| 0:01 | Create | Villager (Male) |
| 0:02 | Create | Villager (Male) |
| 0:02 | Create | Villager (Male) |
| 0:02 | Create | Villager (Male) |
| 1:28 | Create | Villager (Male) |
| 1:28 | Create | Villager (Male) |
| 1:42 | Create | Villager (Male) |
| 1:54 | Build | Lumber Camp |
| 2:10 | Create | Villager (Male) |
| 2:11 | Create | Villager (Male) |
| 2:34 | Create | Villager (Male) |
| 2:35 | Create | Villager (Male) |
| 3:19 | Create | Villager (Male) |
| 3:19 | Create | Villager (Male) |
| 3:19 | Create | Villager (Male) |
| 3:19 | Create | Villager (Male) |
| 3:32 | Create | Villager (Male) |
| 3:32 | Create | Villager (Male) |
| 3:32 | Create | Villager (Male) |
| 4:16 | Create | Villager (Male) |
| 4:17 | Create | Villager (Male) |
| 4:17 | Create | Villager (Male) |
| 5:09 | Create | Villager (Male) |
| 5:09 | Create | Villager (Male) |
| 5:55 | Create | Villager (Male) |
| 6:00 | Create | Villager (Male) |
| 6:00 | Create | Villager (Male) |
| 6:01 | Create | Villager (Male) |
| 6:08 | Create | Villager (Male) |
| 6:28 | Build | Mill |
| 7:56 | Create | Villager (Male) |
| 7:57 | Research | Feudal Age |
| 8:31 | Build | Mining Camp |
| 9:13 | Build | Farm |
| 9:14 | Build | Farm |
| 9:52 | Create | Villager (Male) |
| 9:53 | Create | Villager (Male) |
| 10:35 | Age | Feudal Age |
| 10:36 | Build | Blacksmith |
| 10:40 | Build | Market |
| 11:11 | Research | Double-Bit Axe |
| 11:29 | Research | Castle Age |
| 11:29 | Research | Castle Age |
| 12:03 | Research | Horse Collar |
| 12:04 | Research | Horse Collar |
| 12:07 | Build | Farm |
| 12:09 | Build | Farm |
| 12:34 | Build | Farm |
| 12:36 | Build | Farm |
| 12:37 | Create | Villager (Male) |
| 12:58 | Create | Villager (Male) |
| 13:17 | Create | Villager (Male) |
| 14:09 | Age | Castle Age |
| 14:17 | Build | Town Center |
| 14:46 | Build | Town Center |
| 15:00 | Create | Villager (Male) |
| 15:15 | Research | Bow Saw |
| 15:15 | Research | Bow Saw |
| 15:27 | Create | Villager (Male) |
| 15:42 | Create | Villager (Male) |
| 15:42 | Create | Villager (Male) |
| 15:44 | Build | Farm |
| 15:46 | Build | Farm |
| 15:52 | Build | Farm |
| 15:57 | Create | Villager (Male) |
| 15:57 | Create | Villager (Male) |
| 16:02 | Build | Farm |
| 16:06 | Create | Villager (Male) |
| 16:07 | Create | Villager (Male) |
| 16:12 | Create | Villager (Male) |
| 16:13 | Create | Villager (Male) |
| 16:13 | Create | Villager (Male) |
| 16:13 | Create | Villager (Male) |
| 16:18 | Build | Farm |
| 16:24 | Build | Farm |
| 16:40 | Create | Villager (Male) |
| 16:41 | Create | Villager (Male) |
| 16:43 | Build | Farm |
| 16:46 | Build | Farm |
| 16:48 | Build | Farm |
| 16:50 | Create | Villager (Male) |
| 16:50 | Create | Villager (Male) |
| 16:58 | Build | Farm |
| 17:00 | Build | Farm |
| 17:07 | Create | Villager (Male) |
| 17:07 | Create | Villager (Male) |
| 17:11 | Build | Farm |
| 17:17 | Create | Villager (Male) |
| 17:17 | Create | Villager (Male) |
| 17:17 | Create | Villager (Male) |
| 17:23 | Build | Farm |
| 17:28 | Build | Farm |
| 17:33 | Build | Farm |
| 17:34 | Create | Villager (Male) |
| 17:34 | Create | Villager (Male) |
| 17:34 | Create | Villager (Male) |
| 17:34 | Create | Villager (Male) |
| 17:39 | Build | Farm |
| 17:43 | Create | Villager (Male) |
| 17:44 | Create | Villager (Male) |
| 17:49 | Build | Farm |
| 17:51 | Create | Villager (Male) |
| 17:51 | Create | Villager (Male) |
| 17:54 | Build | Farm |
| 18:13 | Create | Villager (Male) |
| 18:13 | Create | Villager (Male) |
| 18:14 | Create | Villager (Male) |
| 18:20 | Build | Farm |
| 18:22 | Build | Farm |
| 18:23 | Build | Farm |
| 18:25 | Create | Villager (Male) |
| 18:25 | Create | Villager (Male) |
| 18:25 | Create | Villager (Male) |
| 18:28 | Build | Farm |
| 18:35 | Build | Farm |
| 18:39 | Create | Villager (Male) |
| 18:39 | Create | Villager (Male) |
| 18:39 | Create | Villager (Male) |
| 18:42 | Build | Farm |
| 18:43 | Build | Farm |
| 18:47 | Build | Farm |
| 18:48 | Create | Villager (Male) |
| 18:48 | Create | Villager (Male) |
| 18:54 | Build | Farm |
| 18:55 | Create | Villager (Male) |
| 18:55 | Create | Villager (Male) |
| 18:55 | Create | Villager (Male) |
| 19:07 | Research | Heavy Plow |
| 19:07 | Research | Heavy Plow |
| 19:12 | Create | Villager (Male) |
| 19:13 | Create | Villager (Male) |
| 19:31 | Create | Villager (Male) |
| 19:31 | Create | Villager (Male) |
| 19:45 | Build | Mining Camp |
| 19:49 | Create | Villager (Male) |
| 19:50 | Create | Villager (Male) |
| 19:50 | Create | Villager (Male) |
| 19:50 | Create | Villager (Male) |
| 20:06 | Create | Villager (Male) |
| 20:06 | Create | Villager (Male) |
| 20:10 | Build | Farm |
| 20:12 | Build | Farm |
| 20:13 | Create | Villager (Male) |
| 20:13 | Create | Villager (Male) |
| 20:13 | Create | Villager (Male) |
| 20:13 | Create | Villager (Male) |
| 20:27 | Research | Wheelbarrow |
| 20:51 | Create | Villager (Male) |
| 20:51 | Create | Villager (Male) |
| 20:51 | Create | Villager (Male) |
Build order — Sanktmartin
First 150 of 157 actions detected
| 0:02 | Create | Villager (Male) |
| 0:02 | Create | Villager (Male) |
| 0:04 | Build | House |
| 0:06 | Build | House |
| 0:27 | Create | Villager (Male) |
| 0:27 | Create | Villager (Male) |
| 0:28 | Create | Villager (Male) |
| 0:28 | Create | Villager (Male) |
| 1:25 | Create | Villager (Male) |
| 1:26 | Create | Villager (Male) |
| 2:07 | Create | Villager (Male) |
| 2:40 | Create | Villager (Male) |
| 2:40 | Create | Villager (Male) |
| 3:04 | Create | Villager (Male) |
| 3:14 | Create | Villager (Male) |
| 3:14 | Create | Villager (Male) |
| 3:18 | Build | Lumber Camp |
| 3:39 | Create | Villager (Male) |
| 3:39 | Create | Villager (Male) |
| 3:39 | Create | Villager (Male) |
| 3:44 | Build | House |
| 3:49 | Create | Villager (Male) |
| 3:49 | Create | Villager (Male) |
| 4:29 | Build | Mill |
| 4:47 | Create | Villager (Male) |
| 4:47 | Create | Villager (Male) |
| 4:48 | Create | Villager (Male) |
| 5:30 | Build | Farm |
| 5:36 | Build | House |
| 6:07 | Create | Villager (Male) |
| 6:08 | Create | Villager (Male) |
| 6:08 | Create | Villager (Male) |
| 6:08 | Create | Villager (Male) |
| 6:08 | Create | Villager (Male) |
| 6:23 | Build | Farm |
| 6:27 | Create | Villager (Male) |
| 6:27 | Create | Villager (Male) |
| 7:07 | Create | Villager (Male) |
| 7:08 | Create | Villager (Male) |
| 7:32 | Create | Villager (Male) |
| 7:33 | Create | Villager (Male) |
| 7:58 | Build | Farm |
| 8:02 | Create | Villager (Male) |
| 8:02 | Create | Villager (Male) |
| 8:25 | Build | Mining Camp |
| 8:31 | Build | Mining Camp |
| 8:39 | Research | Feudal Age |
| 9:04 | Create | Villager (Male) |
| 9:05 | Create | Villager (Male) |
| 9:58 | Build | House |
| 10:43 | Age | Feudal Age |
| 10:56 | Build | Market |
| 11:01 | Build | Blacksmith |
| 11:04 | Create | Villager (Male) |
| 11:55 | Research | Loom |
| 12:25 | Research | Castle Age |
| 12:58 | Build | Palisade Wall |
| 13:43 | Build | Barracks |
| 13:53 | Create | Villager (Male) |
| 13:54 | Create | Villager (Male) |
| 13:59 | Research | Double-Bit Axe |
| 14:09 | Build | House |
| 14:23 | Create | Villager (Male) ×5 |
| 14:50 | Age | Castle Age |
| 14:58 | Build | Lumber Camp |
| 15:01 | Build | House |
| 15:21 | Create | Villager (Male) |
| 15:21 | Create | Villager (Male) |
| 15:22 | Create | Villager (Male) |
| 15:34 | Build | House |
| 15:37 | Build | Palisade Wall |
| 15:38 | Build | Palisade Wall |
| 15:38 | Build | Palisade Wall |
| 16:14 | Build | Town Center |
| 16:17 | Create | Villager (Male) |
| 16:26 | Research | Bow Saw |
| 16:37 | Research | Horse Collar |
| 17:14 | Create | Villager (Male) |
| 17:26 | Build | Town Center |
| 17:27 | Create | Villager (Male) |
| 17:27 | Create | Villager (Male) |
| 17:36 | Research | Heavy Plow |
| 17:40 | Build | Farm |
| 17:46 | Build | Farm |
| 17:50 | Build | Farm |
| 18:09 | Create | Villager (Male) |
| 18:29 | Build | Farm |
| 18:31 | Build | Farm |
| 18:32 | Build | Farm |
| 18:33 | Build | Farm |
| 18:34 | Build | Farm |
| 18:35 | Build | Farm |
| 18:44 | Build | Farm |
| 18:46 | Build | Farm |
| 18:50 | Create | Villager (Male) |
| 18:51 | Create | Villager (Male) |
| 18:53 | Build | Farm |
| 19:02 | Build | Farm |
| 19:15 | Create | Villager (Male) |
| 19:16 | Create | Villager (Male) |
| 19:20 | Build | Farm |
| 19:22 | Create | Villager (Male) |
| 19:26 | Build | Farm |
| 19:27 | Build | Farm |
| 19:32 | Build | Farm |
| 19:36 | Build | Farm |
| 19:43 | Build | Farm |
| 19:55 | Build | Farm |
| 19:57 | Build | Farm |
| 19:59 | Build | Farm |
| 20:03 | Create | Villager (Male) ×4 |
| 20:03 | Create | Villager (Male) ×4 |
| 20:06 | Build | Farm |
| 20:16 | Create | Villager (Male) |
| 20:21 | Create | Villager (Male) |
| 20:27 | Create | Villager (Male) |
| 20:36 | Build | Town Center |
| 20:42 | Create | Villager (Male) ×2 |
| 20:42 | Create | Villager (Male) |
| 20:56 | Build | Farm |
| 21:05 | Build | Farm |
| 21:06 | Create | Villager (Male) ×3 |
| 21:06 | Create | Villager (Male) ×3 |
| 21:10 | Build | House |
| 21:15 | Build | House |
| 21:16 | Build | House |
| 21:16 | Build | House |
| 21:16 | Build | House |
| 21:18 | Build | House |
| 21:19 | Build | House |
| 21:21 | Build | House |
| 21:21 | Build | House |
| 21:22 | Build | House |
| 21:23 | Build | House |
| 21:25 | Create | Villager (Male) ×3 |
| 21:49 | Research | Wheelbarrow |
| 22:17 | Create | Villager (Male) ×5 |
| 22:18 | Create | Villager (Male) ×3 |
| 22:18 | Create | Villager (Male) ×3 |
| 22:27 | Build | Town Center |
| 22:30 | Create | Villager (Male) |
| 22:30 | Create | Villager (Male) |
| 22:36 | Create | Villager (Male) ×2 |
| 23:02 | Create | Villager (Male) ×4 |
| 23:02 | Create | Villager (Male) ×4 |
| 23:11 | Create | Villager (Male) ×3 |
| 23:22 | Build | Monastery |
| 23:25 | Build | University |
| 23:38 | Create | Villager (Male) ×4 |
| 23:38 | Create | Villager (Male) |
Build order — DoubleZX
112 actions detected in the replay
| 0:01 | Create | Villager (Male) |
| 0:01 | Create | Villager (Male) |
| 0:02 | Create | Villager (Male) |
| 0:03 | Build | House |
| 0:04 | Build | House |
| 0:10 | Create | Villager (Male) |
| 1:24 | Create | Villager (Male) |
| 1:24 | Create | Villager (Male) |
| 1:53 | Build | Lumber Camp |
| 2:00 | Create | Villager (Male) |
| 2:16 | Create | Villager (Male) |
| 2:50 | Create | Villager (Male) |
| 2:50 | Create | Villager (Male) |
| 3:11 | Create | Villager (Male) |
| 3:11 | Create | Villager (Male) |
| 3:29 | Create | Villager (Male) |
| 3:30 | Create | Villager (Male) |
| 3:44 | Build | House |
| 3:55 | Build | Mill |
| 4:00 | Create | Villager (Male) |
| 4:30 | Create | Villager (Male) |
| 4:53 | Create | Villager (Male) |
| 4:54 | Create | Villager (Male) |
| 5:38 | Create | Villager (Male) |
| 5:53 | Build | House |
| 6:07 | Create | Villager (Male) |
| 6:21 | Build | Mining Camp |
| 6:25 | Research | Loom |
| 7:07 | Research | Feudal Age |
| 8:11 | Create | Villager (Male) |
| 8:12 | Create | Villager (Male) |
| 9:12 | Create | Villager (Male) |
| 9:17 | Age | Feudal Age |
| 9:24 | Research | Horse Collar |
| 9:25 | Research | Double-Bit Axe |
| 9:25 | Research | Double-Bit Axe |
| 9:29 | Research | Wheelbarrow |
| 9:47 | Build | House |
| 9:48 | Create | Villager (Male) |
| 10:04 | Build | Farm |
| 10:15 | Build | Farm |
| 10:48 | Create | Villager (Male) |
| 10:48 | Create | Villager (Male) |
| 10:50 | Build | Farm |
| 10:54 | Build | Mining Camp |
| 11:05 | Build | Farm |
| 11:16 | Build | Outpost |
| 11:18 | Research | Town Watch |
| 11:34 | Create | Villager (Male) |
| 11:43 | Build | Gate |
| 11:53 | Create | Villager (Male) |
| 12:00 | Build | Gate |
| 12:09 | Build | Stone Wall |
| 12:17 | Create | Villager (Male) |
| 12:31 | Build | Farm |
| 12:40 | Build | Stone Wall |
| 12:42 | Build | Stone Wall |
| 12:44 | Build | Stone Wall |
| 12:49 | Create | Villager (Male) |
| 12:56 | Build | Market |
| 13:06 | Create | Villager (Male) |
| 13:09 | Build | Farm |
| 13:37 | Create | Villager (Male) |
| 13:43 | Build | Farm |
| 13:56 | Build | Farm |
| 14:03 | Create | Villager (Male) |
| 14:33 | Create | Villager (Male) |
| 14:39 | Build | House |
| 14:50 | Build | Farm |
| 15:00 | Build | Stone Wall |
| 15:26 | Build | Stone Wall |
| 15:37 | Create | Villager (Male) |
| 15:38 | Create | Villager (Male) |
| 15:39 | Build | Blacksmith |
| 15:51 | Build | Gate |
| 15:52 | Build | Stone Wall |
| 15:54 | Build | Stone Wall |
| 16:11 | Build | Mining Camp |
| 16:13 | Research | Castle Age |
| 16:13 | Research | Castle Age |
| 16:37 | Build | Farm |
| 17:03 | Build | House |
| 17:44 | Research | Gold Mining |
| 18:13 | Create | Villager (Male) |
| 18:13 | Create | Villager (Male) |
| 19:07 | Age | Castle Age |
| 19:12 | Build | Castle |
| 19:36 | Create | Villager (Male) |
| 19:41 | Research | Heavy Plow |
| 20:00 | Create | Villager (Male) |
| 20:51 | Create | Villager (Male) |
| 20:51 | Create | Villager (Male) |
| 21:21 | Research | Imperial Age |
| 21:26 | Build | Lumber Camp |
| 21:27 | Create | Janissary |
| 21:27 | Create | Janissary |
| 21:31 | Create | Petard |
| 21:49 | Create | Petard |
| 22:10 | Create | Janissary |
| 22:30 | Build | Siege Workshop |
| 22:33 | Create | Janissary |
| 22:34 | Create | Villager (Male) |
| 22:35 | Create | Villager (Male) |
| 22:54 | Create | Janissary |
| 22:54 | Create | Janissary |
| 23:00 | Build | Outpost |
| 23:12 | Create | Janissary |
| 23:26 | Build | Outpost |
| 23:34 | Create | Janissary |
| 23:35 | Create | Janissary |
| 24:06 | Create | Janissary |
| 24:06 | Create | Janissary |
Build order — Silentium
121 actions detected in the replay
| 0:01 | Create | Villager (Male) |
| 0:01 | Create | Villager (Male) |
| 0:01 | Create | Villager (Male) |
| 0:02 | Build | House |
| 0:03 | Build | House |
| 0:42 | Create | Villager (Male) |
| 1:51 | Build | Lumber Camp |
| 1:53 | Create | Villager (Male) |
| 1:53 | Create | Villager (Male) |
| 2:03 | Create | Villager (Male) |
| 2:03 | Create | Villager (Male) |
| 2:17 | Create | Villager (Male) |
| 2:18 | Create | Villager (Male) |
| 2:43 | Build | House |
| 3:07 | Build | House |
| 3:28 | Create | Villager (Male) |
| 4:09 | Create | Villager (Male) |
| 4:09 | Create | Villager (Male) |
| 4:09 | Create | Villager (Male) |
| 4:10 | Create | Villager (Male) |
| 5:23 | Create | Villager (Male) |
| 5:23 | Create | Villager (Male) |
| 5:24 | Create | Villager (Male) |
| 5:24 | Create | Villager (Male) |
| 5:51 | Create | Villager (Male) |
| 5:52 | Create | Villager (Male) |
| 6:34 | Create | Villager (Male) |
| 6:34 | Create | Villager (Male) |
| 7:24 | Create | Villager (Male) |
| 7:24 | Create | Villager (Male) |
| 7:52 | Build | Mill |
| 9:22 | Create | Villager (Male) |
| 9:23 | Create | Villager (Male) |
| 9:23 | Create | Villager (Male) |
| 9:27 | Build | House |
| 9:50 | Build | Mining Camp |
| 10:01 | Research | Feudal Age |
| 10:01 | Create | Villager (Male) |
| 10:02 | Create | Villager (Male) |
| 11:31 | Build | House |
| 11:50 | Build | Barracks |
| 11:58 | Build | House |
| 12:23 | Age | Feudal Age |
| 12:32 | Build | Market |
| 12:38 | Build | Stable |
| 12:44 | Create | Spearman |
| 12:45 | Create | Spearman |
| 12:57 | Create | Spearman |
| 13:53 | Create | Spearman |
| 14:05 | Research | Castle Age |
| 14:13 | Research | Loom |
| 14:13 | Research | Castle Age |
| 14:14 | Research | Castle Age |
| 14:16 | Create | Spearman |
| 14:26 | Build | Farm |
| 14:26 | Build | Farm |
| 14:30 | Build | Farm |
| 14:30 | Build | Farm |
| 14:34 | Build | Farm |
| 14:34 | Build | Farm |
| 14:54 | Create | Spearman |
| 14:54 | Create | Spearman |
| 14:58 | Build | Farm |
| 15:53 | Build | House |
| 16:43 | Build | House |
| 16:43 | Build | House |
| 17:10 | Create | Spearman |
| 17:10 | Create | Spearman |
| 17:13 | Age | Castle Age |
| 17:16 | Build | Town Center |
| 17:27 | Build | Town Center |
| 17:33 | Build | House |
| 17:44 | Create | Villager (Male) |
| 17:45 | Create | Villager (Male) |
| 17:45 | Create | Villager (Male) |
| 17:45 | Create | Villager (Male) |
| 17:47 | Create | Spearman |
| 17:47 | Create | Spearman |
| 18:00 | Build | Farm |
| 18:16 | Create | Villager (Male) |
| 18:16 | Create | Villager (Male) |
| 18:19 | Build | Farm |
| 18:41 | Create | Villager (Male) |
| 18:41 | Create | Villager (Male) |
| 18:42 | Create | Villager (Male) |
| 18:46 | Build | Farm |
| 18:46 | Build | Farm |
| 19:10 | Build | Farm |
| 19:24 | Create | Villager (Male) |
| 19:26 | Create | Villager (Male) |
| 19:30 | Build | Farm |
| 19:30 | Build | Farm |
| 19:30 | Build | Farm |
| 20:11 | Create | Villager (Male) ×3 |
| 20:11 | Create | Villager (Male) ×3 |
| 20:13 | Build | Farm |
| 20:18 | Build | Farm |
| 20:34 | Create | Villager (Male) ×2 |
| 20:34 | Create | Villager (Male) ×2 |
| 20:47 | Create | Villager (Male) ×2 |
| 20:47 | Create | Villager (Male) ×2 |
| 20:55 | Build | Farm |
| 20:55 | Build | Farm |
| 20:55 | Build | Farm |
| 21:03 | Build | Farm |
| 21:07 | Build | Farm |
| 21:31 | Build | Mining Camp |
| 21:35 | Build | House |
| 21:56 | Create | Villager (Male) ×5 |
| 21:56 | Create | Villager (Male) ×5 |
| 21:57 | Create | Villager (Male) ×2 |
| 22:14 | Build | Farm |
| 22:14 | Build | Farm |
| 22:14 | Build | Farm |
| 22:26 | Create | Villager (Male) ×4 |
| 22:26 | Create | Villager (Male) ×4 |
| 22:51 | Create | Villager (Male) ×4 |
| 23:08 | Create | Villager (Male) |
| 23:21 | Build | Farm |
| 23:21 | Build | Farm |
| 23:21 | Build | Farm |
Build order — Divayd
87 actions detected in the replay
| 0:01 | Create | Villager (Male) |
| 0:03 | Build | House |
| 0:04 | Build | House |
| 0:07 | Create | Villager (Male) |
| 0:07 | Create | Villager (Male) |
| 0:07 | Create | Villager (Male) |
| 1:28 | Create | Villager (Male) |
| 2:03 | Create | Villager (Male) |
| 2:28 | Create | Villager (Male) |
| 2:35 | Create | Villager (Male) |
| 3:10 | Build | Lumber Camp |
| 3:12 | Build | House |
| 3:35 | Create | Villager (Male) |
| 3:45 | Create | Villager (Male) |
| 3:45 | Create | Villager (Male) |
| 3:46 | Create | Villager (Male) |
| 4:18 | Create | Villager (Male) |
| 5:31 | Create | Villager (Male) |
| 5:31 | Create | Villager (Male) |
| 6:02 | Build | House |
| 6:29 | Create | Villager (Male) |
| 6:43 | Research | Loom |
| 7:19 | Create | Villager (Male) |
| 7:20 | Create | Villager (Male) |
| 7:20 | Create | Villager (Male) |
| 7:46 | Build | Palisade Wall |
| 7:48 | Create | Villager (Male) |
| 7:50 | Build | Mill |
| 9:04 | Create | Villager (Male) |
| 9:08 | Research | Feudal Age |
| 9:08 | Research | Feudal Age |
| 9:23 | Build | Mining Camp |
| 9:32 | Build | Lumber Camp |
| 10:29 | Build | House |
| 10:57 | Create | Villager (Male) |
| 11:28 | Create | Villager (Male) |
| 11:39 | Age | Feudal Age |
| 11:43 | Build | Barracks |
| 12:21 | Create | Spearman |
| 12:26 | Build | House |
| 12:31 | Build | Blacksmith |
| 13:07 | Build | Palisade Wall |
| 13:08 | Build | Palisade Wall |
| 13:09 | Build | Palisade Wall |
| 13:23 | Create | Spearman |
| 13:24 | Create | Spearman |
| 13:40 | Create | Villager (Male) |
| 14:19 | Build | Market |
| 14:20 | Create | Villager (Male) |
| 14:30 | Build | Farm |
| 14:48 | Build | Farm |
| 15:19 | Research | Castle Age |
| 15:19 | Research | Castle Age |
| 15:32 | Build | House |
| 15:52 | Build | Palisade Wall |
| 16:02 | Create | Spearman |
| 16:29 | Create | Spearman |
| 16:41 | Build | Stone Wall |
| 16:46 | Build | Stone Wall |
| 17:16 | Create | Spearman |
| 17:53 | Build | Gate |
| 17:59 | Age | Castle Age |
| 18:03 | Create | Villager (Male) |
| 18:21 | Build | Mining Camp |
| 18:41 | Build | Siege Workshop |
| 18:48 | Build | Farm |
| 18:53 | Build | Farm |
| 18:54 | Build | Farm |
| 19:09 | Create | Villager (Male) |
| 19:13 | Build | Farm |
| 19:37 | Create | Mangonel |
| 19:44 | Build | House |
| 19:53 | Create | Villager (Male) |
| 19:53 | Create | Villager (Male) |
| 20:06 | Build | Palisade Wall |
| 20:24 | Create | Villager (Male) |
| 20:42 | Create | Villager (Male) |
| 21:18 | Create | Villager (Male) |
| 21:42 | Create | Scorpion |
| 21:56 | Create | Villager (Male) |
| 22:12 | Create | Villager (Male) |
| 22:36 | Create | Villager (Male) |
| 22:43 | Research | Double-Bit Axe |
| 22:43 | Research | Double-Bit Axe |
| 22:47 | Create | Villager (Male) |
| 23:38 | Create | Villager (Male) |
| 23:47 | Create | Villager (Male) |
Match timeline
| 7:08 | vladtepes · wall_segment Palisade Wall x1 |
| 7:21 | vladtepes · first_building Barracks |
| 7:33 | Rabe3000 · first_building Barracks |
| 7:46 | Divayd · wall_segment Palisade Wall x28 |
| 8:03 | vladtepes · age_up feudal |
| 8:16 | vladtepes · first_building Stable |
| 8:42 | Rabe3000 · age_up feudal |
| 8:51 | Rabe3000 · first_building Stable |
| 9:17 | DoubleZX · age_up feudal |
| 10:35 | JARV · age_up feudal |
| 10:43 | Sanktmartin · age_up feudal |
| 10:57 | Cpt. Balu · age_up feudal |
| 11:39 | Divayd · age_up feudal |
| 11:41 | Cpt. Balu · first_building Barracks |
| 11:43 | Divayd · first_building Barracks |
| 11:50 | Silentium · first_building Barracks |
| 12:09 | DoubleZX · wall_segment Stone Wall x7 |
| 12:23 | Silentium · age_up feudal |
| 12:38 | Silentium · first_building Stable |
| 12:40 | DoubleZX · wall_segment Stone Wall x4 |
| 12:42 | DoubleZX · wall_segment Stone Wall x2 |
| 12:44 | DoubleZX · wall_segment Stone Wall x6 |
| 12:58 | Sanktmartin · wall_segment Palisade Wall x17 |
| 13:07 | Divayd · wall_segment Palisade Wall x1 |
| 13:08 | Divayd · wall_segment Palisade Wall x1 |
| 13:09 | Divayd · wall_segment Palisade Wall x1 |
| 13:20 | Cpt. Balu · wall_segment Palisade Wall x1 |
| 13:43 | Sanktmartin · first_building Barracks |
| 14:09 | JARV · age_up castle |
| 14:31 | Cpt. Balu · age_up castle |
| 14:50 | Sanktmartin · age_up castle |
| 14:52 | Cpt. Balu · wall_segment Palisade Wall x1 |
| 14:56 | DoubleZX · first_market_buy 100 food |
| 15:00 | DoubleZX · wall_segment Stone Wall x4 |
| 15:26 | DoubleZX · wall_segment Stone Wall x5 |
| 15:37 | Sanktmartin · wall_segment Palisade Wall x1 |
| 15:38 | Sanktmartin · wall_segment Palisade Wall x1 |
| 15:38 | Sanktmartin · wall_segment Palisade Wall x1 |
| 15:52 | Divayd · wall_segment Palisade Wall x13 |
| 15:52 | DoubleZX · wall_segment Stone Wall x1 |
| 15:54 | DoubleZX · wall_segment Stone Wall x2 |
| 16:41 | Divayd · wall_segment Stone Wall x16 |
| 16:46 | Divayd · wall_segment Stone Wall x14 |
| 16:51 | Cpt. Balu · first_market_buy 100 food |
| 17:13 | Silentium · age_up castle |
| 17:42 | vladtepes · first_building Archery Range |
| 17:59 | Divayd · age_up castle |
| 18:16 | Sanktmartin · first_market_buy 100 stone |
| 18:41 | Divayd · first_building Siege Workshop |
| 18:50 | vladtepes · age_up castle |
| 19:00 | vladtepes · first_market_buy 100 wood |
| 19:07 | DoubleZX · age_up castle |
| 19:12 | DoubleZX · first_building Castle |
| 19:14 | Rabe3000 · first_market_sell 500 wood |
| 19:16 | Rabe3000 · first_market_buy 100 food |
| 20:06 | Divayd · wall_segment Palisade Wall x1 |
| 22:21 | Rabe3000 · age_up castle |
| 22:22 | JARV · first_building Monastery |
| 22:30 | DoubleZX · first_building Siege Workshop |
| 23:22 | Sanktmartin · first_building Monastery |
| 24:00 | Cpt. Balu · resign |
[ AI ANALYSIS · 1 CREDIT ]
What really happened in this match?
Wolo.gg analyzes every decision: build order, eco, micro, common mistakes by bracket. Personalized analysis on WhatsApp or Discord in 30 seconds.
Civ guide
Hindustanis
Perfil
Rabe3000